 Dungeon Crawl Stone Soup version 0.23-a0-182-g58cdd98 (webtiles) character file.

42 Felrender the Ruffian (level 3, 0/28 HPs)
             Began as a Draconian Transmuter on Sept 21, 2018.
             Slain by a worm (2 damage)
             ... on level 2 of the Dungeon.
             The game lasted 00:04:47 (1932 turns).

Felrender the Ruffian (Draconian Transmuter)        Turns: 1932, Time: 00:04:48

Health: 0/28       AC:  5    Str: 13    XL:     3   Next: 33%
Magic:  5/6        EV: 12    Int: 13    God:
Gold:   82         SH:  0    Dex: 11    Spells: 2/6 levels left

rFire    . . .     SeeInvis .   j - +0 short sword
rCold    . . .     Gourm    .   (no shield)
rNeg     + . .     Faith    .   (armour unavailable)
rPois    .         Spirit   .   (helmet restricted)
rElec    .         Reflect  .   (no cloak)
rCorr    .         Harm     .   (no gloves)
MR       .....                  (no boots)
Stlth    +.........             (no amulet)
HPRegen  0.09/turn              g - ring of positive energy
MPRegen  0.10/turn              (no ring)

@: appendage
A: unfitting armour, horns 2, cold-blooded, AC +5
a: End Transformation


You were on level 2 of the Dungeon.
You were hungry.
You had grown temporary horns.
You visited 1 branch of the dungeon, and saw 2 of its levels.

You collected 82 gold pieces.

Inventory:

Hand Weapons
 b - a +0 club
 j - a +0 short sword (weapon)
Missiles
 a - 12 arrows
Jewellery
 g - a ring of positive energy (left hand)
Scrolls
 d - a scroll of noise {unknown}
 f - 2 scrolls of remove curse
 h - 3 scrolls of identify {unknown}
 k - a scroll of magic mapping {unknown}
Potions
 e - a potion of haste {unknown}
Comestibles
 c - 5 rations
 i - a chunk of flesh


   Skills:
 + Level 1.5 Fighting
 * Level 0.1 Short Blades
 - Level 0.3 Maces & Flails
 + Level 2.2 Dodging
 + Level 0.3 Stealth
 * Level 3.6 Unarmed Combat
 + Level 2.2 Spellcasting
 + Level 2.0 Transmutations


You had 2 spell levels left.
You knew the following spells:

 Your Spells              Type           Power        Failure   Level  Hunger
a - Beastly Appendage     Tmut           #.....       11%         1    ##.....
b - Spider Form           Tmut/Pois      #.........   45%         3    ####...

Your spell library contained the following spells:

 Spells                   Type           Power        Failure   Level  Hunger
 Sticks to Snakes         Tmut           #.......     16%         2    ###....
 Ice Form                 Ice/Tmut       #.......     86%         4    #####..
 Blade Hands              Tmut           #.........   96%         5    ######.


Dungeon Overview and Level Annotations

Branches:
Dungeon (2/15)

Altars:


Innate Abilities, Weirdness & Mutations

Your plain brown scales are hard. (AC +5)
You cannot fit into any form of body armour.
You are cold-blooded and may be slowed by cold attacks.
You have a pair of horns on your head.


Message History

You barely miss the worm. You tail-slap the worm.
The worm is heavily wounded.
The worm barely misses you.
You completely miss the worm.
You headbutt the worm, but do no damage.
The worm is moderately wounded.
You hit the worm. Your punch misses the worm.
The worm is heavily wounded.
The worm closely misses you.
You hit the worm.
The worm is severely wounded.
Your transformation is almost over.
The worm completely misses you.
You hit the worm.
The worm is almost dead.
Casting: Beastly Appendage (safe; 11% risk of failure)
Confirm with . or Enter, or press ? or * to list all spells.
You extend your transformation's duration.
The worm bites you.
You die...

#.# ...#......
#.##...#......
#..#...#......
##.#...#......
.#####+#####.....#......
........?..##.####......
........^..##..# #......
......w...(###.###......
#.....)@....(...........
#......#############.###
#...... #. .......
....... ....... .......
.......


You could see a worm.

Vanquished Creatures
  An ooze (D:2)
  2 dart slugs
  A leopard gecko (D:2)
  2 giant cockroaches
  6 goblins
  3 hobgoblins
  5 kobolds
  5 bats
  3 frilled lizards (D:1)
  4 rats
32 creatures vanquished.

Vanquished Creatures (others)
  2 hobgoblins (D:1)
2 creatures vanquished.

Grand Total: 34 creatures vanquished

Notes
Turn   | Place    | Note
-------+----------+-------------------------------------------
     0 | D:1      | Felrender the Draconian Transmuter began the quest for the
                  | Orb.
     0 | D:1      | Reached XP level 1. HP: 16/16 MP: 3/3
   574 | D:1      | Reached XP level 2. HP: 23/23 MP: 5/5
  1548 | D:2      | Reached XP level 3. HP: 20/28 MP: 6/6
  1888 | D:2      | Learned a level 3 spell: Spider Form
  1932 | D:2      | Slain by a worm

Vault maps used:
D:1:      tarquinn_simple_flora_water_b
D:2:      roderic_lattice_a

Skill      XL: |  1  2 |
---------------+-------+-----
Dodging        | 2 |  2.2
Fighting       | |  1.5
Short Blades   | |  0.1
Maces & Flails | |  0.3
Stealth        | |  0.3
Unarmed Combat | |  3.6
Spellcasting   | |  2.2
Transmutations | |  2.0

Action                   || total
-------------------------++-------
Melee: Club              ||   127
       Unarmed           ||    12
       Punch             ||     1
       Tailslap          ||     9
       Short sword       ||    21
       Headbutt          ||     3
 Cast: Beastly Appendage ||     4
  Use: Scroll            ||     1
  Eat: Chunk             ||     3
Armor: Skin              ||    63
Dodge: Dodged            ||   166

Table legend:
 A = Non-vault XP
 B = Vault XP
 C = Vault XP percentage of total XP
 D = Non-vault monster count
 E = Vault monster count
 F = Vault count percentage of total count
                 A         B        C        D         E       F
            +---------+---------+-------+---------+---------+-------
      Total |      60 |       0 |   0.0 |      32 |       0 |   0.0
            +---------+---------+-------+---------+---------+-------
        D:1 |      32 |       0 |   0.0 |      20 |       0 |   0.0
        D:2 |      28 |       0 |   0.0 |      12 |       0 |   0.0
            +---------+---------+-------+---------+---------+-------
